 Dungeon Crawl Stone Soup version 0.17-a0-1515-gfae3d72 (webtiles) character file.

10542 Kisielow the Cleaver (level 11, -3/108 HPs)
             Began as a Hill Orc Fighter on July 12, 2015.
             Was a High Priest of Okawaru.
             Slain by a 19-headed hydra (8 damage)
             ... on level 1 of the Lair of Beasts.
             The game lasted 00:30:56 (11533 turns).

Kisielow the Cleaver (Hill Orc Fighter)            Turns: 11533, Time: 00:30:56

Health: -3/108     AC: 21    Str: 23    XL:     11   Next: 63%
Magic:  11/11      EV:  6    Int:  8    God:    Okawaru [*****.]
Gold:   554        SH: 14    Dex: 10    Spells: 0 memorised, 10 levels left

rFire  . . .     SeeInvis .     a - +1 broad axe (distort)
rCold  . . .     Clarity  .     B - +0 plate armour
rNeg   . . .     SustAt   .     V - +2 shield {AC+3}
rPois  .         Gourm    .     j - +1 helmet
rElec  .         Spirit   .     y - +0 cloak
rCorr  .         Warding  .     (no gloves)
rMut   .         Stasis   .     (no boots)
MR     .....                    A - amulet of regeneration
Stlth  ..........               (no ring)
                                (no ring)

@: drained, not resistant to hostile enchantments, extremely unstealthy
A: mutation resistance 1, robust 1, spit poison 1
a: Spit Poison, Heroism, Finesse, Renounce Religion


You were on level 1 of the Lair of Beasts.
You worshipped Okawaru.
Okawaru was extremely pleased with you.
You were not hungry.

You visited 3 branches of the dungeon, and saw 13 of its levels.
You also visited: Ossuary.

You collected 554 gold pieces.

Inventory:

Hand weapons
 a - a +1 broad axe of distortion (weapon)
 I - the +0 falchion of the Vaults {freeze, rC- Str-2 Int+10}
   (You found it on level 7 of the Dungeon)

   It has been specially enchanted to freeze those struck by it, causing extra
   injury to most foes and up to half again as much damage against particularly
   susceptible opponents.
   It can also slow down cold-blooded creatures.
   It affects your strength (-2).
   It affects your intelligence (+10).
   It makes you vulnerable to cold.
 L - a +4 war axe of freezing
Armour
 j - a +1 helmet (worn)
 y - a +0 cloak (worn)
 B - a +0 plate armour (worn)
 V - a +2 shield of protection (worn)
Jewellery
 A - an amulet of regeneration (around neck)
Magical devices
 h - a wand of teleportation (5)
 m - a wand of disintegration (2)
 u - a wand of digging (24)
 w - a wand of magic darts (5)
 G - a wand of disintegration (4)
 H - a wand of fire (0)
 K - a wand of slowing (26)
 N - a wand of polymorph (0)
 P - a wand of flame (10)
 S - a wand of lightning (7)
 U - a wand of teleportation (8)
Scrolls
 g - 6 scrolls of remove curse
 i - 2 scrolls of recharging
 k - 2 scrolls of silence
 l - 4 scrolls of teleportation
 s - a scroll of enchant armour
 E - 4 scrolls of identify
 J - a scroll of magic mapping
 T - a scroll of amnesia
 W - a scroll of fear {unknown}
Potions
 d - 5 potions of might
 f - 3 potions of resistance
 n - 3 potions of invisibility
 p - 2 potions of cure mutation
 q - 3 potions of agility
 r - 3 potions of brilliance
 t - 8 potions of curing
 v - 3 potions of degeneration
 z - 5 potions of lignification
 D - a potion of cancellation
 R - a potion of flight {unknown}
Books
 o - a book of Ice

   Spells                             Type                      Level
   a - Ice Form                       Ice/Transmutation            4
   b - Metabolic Englaciation         Hexes/Ice                    5
   c - Ozocubu's Refrigeration        Ice                          6
   d - Bolt of Cold                   Conjuration/Ice              6
   e - Freezing Cloud                 Conjuration/Ice/Air          6
   f - Simulacrum                     Ice/Necromancy               6
 O - a book of the Earth

   Spells                             Type                      Level
   a - Leda's Liquefaction            Hexes/Earth                  4
   b - Bolt of Magma                  Conjuration/Fire/Earth       5
   c - Statue Form                    Transmutation/Earth          6
   d - Iron Shot                      Conjuration/Earth            6
   e - Shatter                        Earth                        9
Comestibles
 b - 6 meat rations
 e - 6 bread rations
 x - 5 beef jerkies
 F - 9 fruits
 M - 8 slices of pizza
 Q - a royal jelly


   Skills:
 - Level 10.0(9.6) Fighting
 + Level 12.5(12.1) Axes
 + Level 10.8(10.4) Armour
 + Level 10.5(10.1) Shields


You had 10 spell levels left.
You didn't know any spells.

Dungeon Overview and Level Annotations

Branches:
Dungeon (11/15)            Temple (1/1) D:7            Lair (1/8) D:9
    Orc (0/4) D:11

Altars:
Ashenzari
Elyvilon
Fedhas
Gozag
Makhleb
Nemelex Xobeh
Okawaru
Qazlal
Ru
Sif Muna
Trog
Vehumet
Xom
Zin
The Shining One

Shops:
D:4 !   D:9 [


Innate Abilities, Weirdness & Mutations

You are somewhat resistant to further mutation.
You are robust (+10% HP).
You can spit weak poison.


Message History

The 19-headed hydra bites you but does no damage.
You block the 19-headed hydra's attack. The 19-headed hydra bites you.
* * * LOW HITPOINT WARNING * * *
The 19-headed hydra completely misses you.
You completely miss the 19-headed hydra.
The 19-headed hydra is moderately wounded.
You block the 19-headed hydra's attack. x2
The 19-headed hydra bites you but does no damage. x2
The 19-headed hydra barely misses you.
The 19-headed hydra bites you but does no damage.
The 19-headed hydra bites you!
* * * LOW HITPOINT WARNING * * *
The 19-headed hydra bites you.
* * * LOW HITPOINT WARNING * * *
The 19-headed hydra bites you but does no damage.
The 19-headed hydra bites you.
* * * LOW HITPOINT WARNING * * *
The 19-headed hydra bites you but does no damage.
The 19-headed hydra bites you!
You die...

#...#......##.#.#...#.#.
#.#.P.......#.#...#.....
...P...#..#......#.....
.#......#....#.#.#.....
. #......#.##.#...#.....
#.#.#...##.##...........
...#...##.#..P.........
#.#...##.##.#.#.......
#...)@DP.##...........
....#......##.#.........
#.# #......##.P.....#...
#.......#...#...# ..#...
#...#...##......#...#.#.
.........#.##.#.#.#.#...
........##.#P.#...#.#.#.
#.....P.##.##...#.#.....
#...#....#.##.#.....#...


You could see a 19-headed hydra.

Vanquished Creatures
  Snorg (D:10)
  A hydra (D:11)
  An ugly thing (D:11)
  A cyclops (D:11)
  The ghost of Promi the Black Sun, an experienced DDNe of Kikubaaqudgha (D:11)
  A gargoyle (D:11)
  2 centaur skeletons (D:11)
  2 spiny frogs (Lair:1)
  A troll (D:9)
  5 yaks
  A hungry ghost (D:10)
  A hog (D:9)
  A human (D:9)
  A deep elf mage (D:10)
  A hippogriff (Lair:1)
  3 porcupines (Lair:1)
  2 water moccasins (Lair:1)
  4 orc warriors
  A black bear (Lair:1)
  An ice beast (D:11)
  A necrophage (D:8)
  5 ogres
  2 centaurs
  3 sky beasts
  2 crocodiles (Lair:1)
  3 big kobolds
  8 giant frogs
  A scorpion (D:8)
  8 wights
  A giant frog zombie (D:7)
  A jelly (D:9)
  4 orc priests
  A crimson imp (D:9)
  4 iguanas
  Ijyb (D:2)
  5 hounds
  12 orc wizards
  2 giant frog skeletons
  5 worker ants
  3 big kobold zombies (Ossuary)
  3 sheep (D:9)
  A hound zombie (D:7)
  A mummy (Ossuary)
  A worker ant zombie (D:7)
  Robin (D:2)
  12 adders
  A shadow imp (D:9)
  An ooze (D:4)
  3 worms
  3 giant geckos
  33 orcs
  5 spectral bats (Ossuary)
  A bat skeleton (D:6)
  2 bat zombies
  6 giant cockroaches
  16 goblins
  19 hobgoblins
  29 kobolds
  8 quokkas
  4 ball pythons
  16 bats
  2 bat simulacra (Ossuary)
  7 giant newts
  9 gnoll zombies (Ossuary)
  2 goblin simulacra (Ossuary)
  3 goblin zombies (Ossuary)
  4 hobgoblin zombies (Ossuary)
  13 jackals
  A jackal zombie (D:5)
  4 kobold simulacra (Ossuary)
  6 kobold zombies (Ossuary)
  5 orc zombies (Ossuary)
  A quokka zombie (D:8)
  16 rats
  5 rat simulacra (Ossuary)
  4 spectral goblins (Ossuary)
  3 spectral kobolds (Ossuary)
  A spectral rat (Ossuary)
  A fungus (Lair:1)
357 creatures vanquished.

Vanquished Creatures (others)
  2 wights (D:11)
  An orc (D:10)
  3 fungi (Lair:1)
  3 plants (Lair:1)
9 creatures vanquished.

Grand Total: 366 creatures vanquished

Notes
Turn   | Place    | Note
--------------------------------------------------------------
     0 | D:1      | Kisielow the Hill Orc Fighter began the quest for the Orb.
     0 | D:1      | Reached XP level 1. HP: 19/19 MP: 1/1
    42 | D:1      | Reached XP level 2. HP: 16/26 MP: 2/2
   311 | D:1      | Reached skill level 4 in Axes
   592 | D:1      | Reached XP level 3. HP: 28/31 MP: 3/3
  1041 | D:2      | Reached skill level 5 in Axes
  1093 | D:2      | Noticed Ijyb
  1107 | D:2      | Killed Ijyb
  1107 | D:2      | Reached XP level 4. HP: 37/40 MP: 4/4
  1149 | D:2      | Found a bloodstained altar of Trog.
  1149 | D:2      | Found a blossoming altar of Fedhas.
  1261 | D:2      | Noticed Robin
  1273 | D:2      | Killed Robin
  1753 | D:2      | Reached XP level 5. HP: 46/46 MP: 5/5
  2006 | D:3      | Found a glowing golden altar of the Shining One.
  2051 | D:3      | Found an iron altar of Okawaru.
  2068 | D:3      | Became a worshipper of Warmaster Okawaru
  2580 | D:4      | Found Piet's Distillery.
  2620 | D:4      | Reached XP level 6. HP: 53/53 MP: 6/6
  2635 | D:4      | Gained mutation: You can spit weak poison. [potion of mutation]
  2635 | D:4      | Gained mutation: You are somewhat resistant to further mutation. [potion of mutation]
  3167 | D:4      | Found a burning altar of Makhleb.
  3214 | D:5      | Entered Level 5 of the Dungeon
  3255 | D:5      | Reached skill level 6 in Axes
  3668 | D:5      | Reached skill level 5 in Fighting
  3668 | D:5      | Reached XP level 7. HP: 35/61 MP: 7/7
  4254 | D:5      | Found a stormy altar of Qazlal.
  4481 | D:6      | Reached skill level 5 in Armour
  4550 | D:6      | Reached skill level 5 in Shields
  4599 | D:6      | Reached skill level 7 in Axes
  4647 | D:6      | Found a deep blue altar of Sif Muna.
  4809 | D:6      | Acquired Okawaru's first power
  4942 | D:7      | Found a staircase to the Ecumenical Temple.
  4961 | D:7      | Reached XP level 8. HP: 64/70 MP: 8/8
  5018 | Temple   | Entered the Ecumenical Temple
  5070 | D:7      | Reached skill level 8 in Axes
  5305 | D:7      | Found a shimmering altar of Xom.
  5306 | D:7      | Found a shimmering altar of Xom.
  5306 | D:7      | Found a shimmering altar of Xom.
  5306 | D:7      | Found a shimmering altar of Xom.
  5306 | D:7      | Found a shimmering altar of Xom.
  5791 | D:7      | Got a crystal falchion
  5792 | D:7      | Identified the cursed +0 falchion of the Vaults {freeze, rC- Str-2 Int+10} (You found it on level 7 of the Dungeon)
  5931 | D:7      | Found an opulent altar of Gozag.
  6040 | D:8      | Found a radiant altar of Vehumet.
  6042 | D:8      | Found a glowing silver altar of Zin.
  6090 | D:8      | Reached XP level 9. HP: 70/79 MP: 9/9
  6120 | D:8      | Found a sparkling altar of Nemelex Xobeh.
  6257 | D:8      | Found a sand-covered staircase.
  6345 | Ossuary  | Entered an ossuary
  6934 | D:8      | Found a sacrificial altar of Ru.
  7149 | D:8      | Reached skill level 9 in Axes
  7788 | D:9      | Found a shattered altar of Ashenzari.
  7892 | D:9      | Gained mutation: You are robust (+10% HP). [mutagenic meat]
  8131 | D:9      | Found a glowing golden altar of the Shining One.
  8232 | D:9      | Found a staircase to the Lair.
  8447 | D:9      | Found a white marble altar of Elyvilon.
  8512 | D:9      | Found Fiwim's Armour Boutique.
  8804 | D:9      | Reached XP level 10. HP: 89/99 MP: 10/10
  8860 | Lair:1   | Entered Level 1 of the Lair of Beasts
  8878 | Lair:1   | Reached skill level 10 in Axes
  9052 | Lair:1   | Noticed a four-headed hydra
  9273 | D:10     | Entered Level 10 of the Dungeon
  9677 | D:10     | Noticed Snorg
  9688 | D:10     | Killed Snorg
  9688 | D:10     | Acquired Okawaru's second power
  9688 | D:10     | Reached skill level 10 in Fighting
  9688 | D:10     | Reached skill level 11 in Axes
  9825 | D:11     | Found a staircase to the Orcish Mines.
  9875 | D:11     | Reached XP level 11. HP: 108/108 MP: 11/11
 10049 | D:11     | Received a gift from Okawaru
 10049 | D:11     | Reached skill level 10 in Armour
 10083 | D:11     | Noticed a seven-headed hydra
 10089 | D:11     | Killed a seven-headed hydra
 10089 | D:11     | Reached skill level 10 in Shields
 10241 | D:11     | Reached skill level 12 in Axes
 10315 | D:11     | Noticed a red ugly thing
 10336 | D:11     | Killed a red ugly thing
 10413 | D:11     | Noticed Promi's ghost (experienced DDNe)
 10437 | D:11     | Killed Promi's ghost
 10585 | D:11     | Identified a scroll of acquirement
 11533 | Lair:1   | HP: 5/108 [19-headed hydra (1)]
 11533 | Lair:1   | Slain by a 19-headed hydra

Vault maps used:
D:1:      minmay_arrival_nine_rooms, corexii_corridor_pit
D:2:      gammafunk_temple_overflow_wave, glass_columns_b, uniq_iyjb, uniq_robin
D:3:      lemuel_round_altar, okawaru_ov_weapons_minmay, minmay_cut_off
D:4:      lemuel_coloured_pillars_altar, serial_shops, shop
D:5:      wad_pebble_path, kennysheep_mini, first_bread
D:6:      lemuel_round_altar
D:7:      xom_redecorated, grunt_gozag_breadcrumbs,
          minmay_temple_entry_water_ring, uniq_prince_ribbit1
D:8:      grunt_temple_overflow_open, nicolae_ru_sacrificial_ziggurat,
          serial_undead, serial_undead_c, serial_undead_d, serial_undead_b,
          serial_undead_c, serial_undead_b, serial_undead_e,
          nicolae_ossuary_entry_false_entrances
D:9:      lemuel_crystal_altar, lair_0_dummy, basic_altar, serial_shops,
          shop_fountains, grunt_livestock, tso_altar
D:10:     uniq_snorg
D:11:     david_orc_2
Temple:   nicolae_temple_hex_pool_5
Lair:1:   st_stairs_9, infiniplex_staircase_pool
Ossuary:  ossuary_zaba_two_paths

Action                   |  1- 3 |  4- 6 |  7- 9 | 10-12 || total
-------------------------+-------+-------+-------+-------++-------
Melee: War axe           |    87 |   239 |   575 |   238 ||  1139
       Broad axe         |       |       |       |    79 ||    79
Invok: Heroism           |       |       |     1 |     2 ||     3
Evoke: Wand              |       |       |       |    17 ||    17
  Use: Scroll            |       |    16 |    11 |     5 ||    32
       Potion            |       |     1 |       |     3 ||     4
  Eat: Chunk             |     1 |     9 |    24 |     9 ||    43
       Bread ration      |       |       |     1 |       ||     1
       Meat ration       |       |       |       |     1 ||     1
       Beef jerky        |       |       |       |     1 ||     1
